Map: Efflorescence LE

Players

Ares

  • Race: Protoss Protoss
  • Spawn Location: 12:00

Hephaestus

  • Race: Protoss Protoss
  • Spawn Location: 3:00

OpuS - Winner!

  • Race: Protoss Protoss
  • League: Platinum
  • Spawn Location: 6:00

Sketchaphone - Winner!

  • Race: Zerg Zerg
  • League: Platinum
  • Spawn Location: 9:00

VOD

Have the link to the VOD?

Description

Time

  • Played on: Feb. 7, 2019, 9:18 p.m.
  • Length: 9:34
Show
View Real Time Build Order
Export as new Build Order

Ares Protoss 

Build Orders: Oracle Opening, Phoenix Opening 

Get SALT Encoding   

  12  0:03  Probe  
  13  0:15  Probe  
  13  0:18  Assimilator  
  14  0:29  Probe  
  14  0:31  Pylon  
  15  0:49  Probe  
  16  0:50  Gateway  
  16  0:56  Assimilator  
  16  1:01  Probe  
  17  1:13  Probe  
  18  1:25  Probe  
  19  1:37  Probe  
  19  1:38  Cybernetics Core  
  20  1:45  Pylon  
  20  1:49  Probe  
  21  2:01  Probe  
  22  2:15  Stargate  
  22  2:16  Adept  
  22  2:17  Stargate  
  22  2:19  Probe  
  25  2:34  Probe  
  26  2:50  Oracle  
  26  2:55  Oracle  
  31  3:11  Pylon  
  30  3:17  Probe  
  31  3:37  Protoss Air Weapons Level 1  
  31  3:39  Phoenix  
  33  3:42  Nexus  
  33  3:56  Phoenix  
  35  4:24  Phoenix  
  37  4:31  Probe  
  38  4:39  Pylon  
  38  4:49  Fleet Beacon  
  38  4:55  Probe x2  
  40  5:03  Phoenix  
  40  5:07  Probe  
  40  5:09  Probe  
  44  5:19  Probe  
  45  5:33  Phoenix  
  45  5:37  Phoenix  
  45  5:38  Probe x2  
  49  5:47  Assimilator  
  51  5:50  Probe  
  51  5:51  Assimilator  
  51  5:52  Probe  
  53  6:10  Probe x2  
  55  6:25  Probe x2  
  57  6:27  Phoenix  
  59  6:33  Anion Pulse-Crystals  
  59  6:37  Probe x2  
  61  6:55  Probe  
  62  7:01  Pylon  
  62  7:03  Pylon  
  62  7:19  Probe  
  62  7:22  Probe  
  64  7:32  Probe  
  65  7:47  Probe x2  
  65  7:48  Phoenix x2  
  71  8:04  Pylon  
  71  8:06  Shield Battery  
  71  8:14  Shield Battery  
  71  8:15  Shield Battery  
  71  8:17  Probe x2  
  73  8:22  Carrier  
  68  8:54  Probe  
  68  8:55  Probe  
  76  9:09  Pylon  
Show
View Real Time Build Order
Export as new Build Order

Hephaestus Protoss 

Build Orders: Oracle Opening 

Get SALT Encoding   

  12  0:02  Probe  
  14  0:14  Probe  
  14  0:26  Probe  
  15  0:33  Pylon  
  15  0:39  Assimilator  
  15  0:50  Probe  
  15  0:53  Gateway  
  16  0:58  Probe  
  16  0:59  Assimilator  
  17  1:06  Probe  
  18  1:18  Probe  
  19  1:28  Pylon  
  19  1:30  Probe  
  20  1:38  Probe  
  20  1:46  Probe  
  22  1:54  Cybernetics Core  
  22  1:56  Probe, Forge  
  23  2:27  Pylon  
  23  2:32  Stargate  
  23  2:34  Stargate  
  23  2:43  Photon Cannon  
  23  3:07  Oracle  
  23  3:08  Oracle  
  29  3:31  Nexus  
  29  3:35  Probe  
  30  3:44  Shield Battery  
  30  3:55  Photon Cannon  
  22  4:17  Probe  
  23  4:25  Probe  
  18  4:50  Probe  
  18  4:51  Probe  
  19  4:58  Probe  
  19  4:59  Phoenix  
  22  5:03  Probe  
  24  5:08  Probe  
  25  5:15  Phoenix  
  24  5:39  Probe  
  24  5:43  Probe  
  24  5:47  Probe  
  27  5:57  Probe  
  27  5:59  Probe  
  29  6:08  Probe  
  29  6:09  Probe  
  29  6:16  Phoenix  
  29  6:18  Probe  
  32  6:21  Probe  
  34  6:29  Probe  
  34  6:30  Assimilator  
  35  6:37  Probe  
  35  6:39  Phoenix  
  38  6:52  Phoenix  
  38  6:53  Probe x2  
  42  7:00  Assimilator  
  42  7:04  Phoenix  
  42  7:08  Probe  
  43  7:54  Phoenix x2  
  43  7:58  Probe x2  
  49  8:18  Fleet Beacon  
  49  8:19  Probe  
  54  8:24  Pylon  
  50  9:22  Probe  
Show
View Real Time Build Order
Export as new Build Order

OpuS Protoss - Winner!

Build Orders: Oracle Opening, Carriers 

Get SALT Encoding   

  12  0:01  Probe  
  13  0:13  Probe  
  14  0:22  Pylon  
  14  0:25  Probe  
  15  0:40  Probe  
  15  0:42  Gateway  
  16  0:52  Probe  
  16  0:57  Assimilator  
  17  1:00  Probe  
  17  1:08  Probe  
  18  1:13  Gateway  
  19  1:18  Probe  
  20  1:30  Cybernetics Core  
  20  1:33  Probe  
  20  1:35  Pylon  
  21  1:45  Probe  
  22  1:53  Probe, Assimilator  
  23  2:01  Probe  
  24  2:12  Probe  
  25  2:16  Stargate  
  25  2:29  Probe  
  26  2:30  Warp Gate  
  26  2:41  Probe  
  26  2:55  Oracle  
  26  3:01  Nexus  
  29  3:09  Pylon  
  29  3:19  Pylon  
  29  3:28  Forge  
  29  3:33  Shield Battery  
  29  3:45  Fleet Beacon  
  29  3:48  Probe  
  30  4:00  Probe  
  31  4:05  Photon Cannon  
  31  4:07  Photon Cannon  
  31  4:12  Probe  
  32  4:18  Probe  
  32  4:22  Stargate  
  33  4:25  Probe  
  33  4:30  Pylon, Probe  
  35  4:33  Stalker  
  37  4:42  Probe x2  
  37  4:44  Stalker  
  41  4:52  Shield Battery  
  41  4:54  Probe x2  
  43  5:06  Carrier  
  49  5:25  Probe x2  
  50  5:32  Stalker x2  
  53  5:37  Probe  
  53  5:41  Probe  
  53  5:43  Assimilator  
  53  5:48  Assimilator  
  53  5:49  Shield Battery, Probe  
  54  5:52  Photon Cannon  
  54  5:53  Probe  
  55  6:01  Probe  
  56  6:05  Probe  
  54  6:12  Carrier  
  54  6:13  Probe  
  54  6:17  Probe  
  56  6:25  Probe  
  63  6:29  Probe  
  64  6:36  Cybernetics Core  
  64  6:37  Probe  
  65  6:42  Probe  
  66  6:49  Probe  
  66  6:53  Nexus  
  66  6:54  Probe  
  68  6:55  Pylon  
  68  7:02  Pylon  
  68  7:03  Carrier  
  68  7:08  Carrier  
  73  7:40  Probe  
  73  7:41  Probe  
  73  7:43  Pylon  
  73  7:47  Photon Cannon  
  69  7:53  Stargate  
  69  7:55  Stargate  
  69  7:58  Photon Cannon  
  69  8:10  Probe x3  
  72  8:17  Carrier  
  78  8:21  Carrier  
  78  8:22  Probe x2  
  78  8:26  Pylon  
  86  8:39  Photon Cannon  
  86  8:42  Photon Cannon  
  86  8:45  Shield Battery  
  86  8:50  Probe x3  
  89  9:02  Probe x2  
Show
View Real Time Build Order
Export as new Build Order

Sketchaphone Zerg - Winner!

Build Orders: Hatch First 

Get SALT Encoding   

  12  0:01  Drone  
  13  0:12  Overlord  
  13  0:17  Drone  
  14  0:24  Extractor  
  14  0:28  Overlord  
  14  0:35  Drone  
  15  0:46  Drone  
  16  0:56  Drone  
  17  1:05  Hatchery  
  17  1:07  Drone  
  17  1:19  Drone  
  18  1:28  Spawning Pool  
  18  1:29  Drone  
  18  1:34  Extractor  
  18  1:38  Drone  
  18  1:49  Drone  
  19  2:01  Overlord  
  19  2:13  Drone  
  20  2:17  Drone  
  21  2:23  Hatchery  
  21  2:25  Drone  
  23  2:35  Lair  
  23  2:37  Drone x2  
  23  2:41  Drone  
  24  2:47  Drone  
  24  2:51  Drone  
  26  2:57  Drone  
  27  3:00  Drone  
  28  3:12  Zergling x2  
  29  3:18  Overlord, Drone  
  30  3:21  Queen  
  30  3:23  Metabolic Boost  
  30  3:24  Drone  
  33  3:27  Extractor  
  33  3:33  Baneling Nest, Drone x2  
  33  3:37  Drone x2  
  35  3:43  Spore Crawler  
  35  3:44  Drone  
  35  3:48  Drone x2  
  35  3:53  Queen  
  35  3:54  Drone  
  40  3:58  Spore Crawler  
  39  4:04  Spore Crawler  
  39  4:05  Drone  
  31  4:12  Drone x2  
  29  4:18  Drone  
  29  4:22  Drone  
  24  4:26  Drone  
  18  4:34  Drone  
  19  4:38  Drone  
  19  4:42  Drone  
  20  4:46  Drone  
  20  4:50  Drone  
  22  4:54  Drone  
  23  5:01  Drone  
  23  5:05  Drone  
  25  5:07  Drone  
  25  5:11  Drone  
  27  5:15  Drone  
  27  5:18  Drone x5  
  34  5:21  Drone  
  34  5:27  Drone x2  
  36  5:30  Drone  
  36  5:34  Drone  
  38  5:36  Drone  
  38  5:40  Spore Crawler  
  38  5:41  Drone  
  39  5:43  Drone  
  39  5:44  Drone  
  39  5:47  Drone  
  39  5:48  Drone  
  43  5:50  Drone  
  43  5:52  Drone  
  43  5:54  Drone  
  43  5:55  Drone  
  47  5:58  Drone  
  47  6:01  Drone x2  
  50  6:04  Overlord  
  50  6:19  Overlord, Spore Crawler  
  50  6:21  Drone  
  50  6:23  Evolution Chamber  
  50  6:24  Drone, Centrifical Hooks  
  50  6:26  Overlord  
  50  6:27  Zergling x10  
  50  6:28  Drone  
  50  6:32  Drone  
  57  6:33  Drone  
  57  6:35  Overlord  
  58  6:45  Zergling x6  
  61  6:55  Drone x5  
  61  6:58  Evolution Chamber  
  65  7:02  Zergling x2  
  65  7:07  Spore Crawler  
  65  7:09  Queen  
  65  7:10  Hatchery  
  65  7:14  Spore Crawler  
  65  7:19  Spore Crawler  
  65  7:21  Queen, Spore Crawler  
  65  7:22  Zergling x14  
  72  7:24  Zergling x6  
  72  7:27  Zerg Melee Weapons Level 1  
  75  7:30  Zergling x4  
  75  7:34  Zergling x2  
  75  7:35  Queen  
  75  7:36  Zergling x2  
  81  7:41  Zergling x2  
  82  7:45  Overlord  
  82  7:57  Baneling x16  
  82  8:12  Overlord x2  
  71  8:35  Zergling x24  
  77  8:43  Zergling x2  
  77  8:46  Zergling x4  
  77  8:48  Zergling x2  
  77  8:53  Zergling x2  
  76  8:57  Zergling x6  
  79  9:07  Zergling x6  
  79  9:09  Zergling x2  
Tags
 
Add a new tag
Caveats
  • Supply blocks, unpowered buildings, or Contaminate may cause inaccurate times.
  • Supply counts are checked every 10 seconds.